 Dungeon Crawl Stone Soup version 0.16-a0-3467-gfe061fe (webtiles) character file.

79 NewYearsCrawler the Shield-Bearer (level 4, -1/35 HPs)
             Began as a Formicid Fighter on Jan 2, 2015.
             Killed by divine providence
             ... invoked by an orc priest
              (12 damage)
             ... on level 3 of the Dungeon.
             The game lasted 00:02:46 (1437 turns).

NewYearsCrawler the Shield-Bearer (FoFi)            Turns: 1437, Time: 00:02:46

Health: -1/35      AC:  7    Str: 22    XL:     4   Next: 62%
Magic:  5/5        EV:  9    Int:  7    God:
Gold:   107        SH: 10    Dex: 10    Spells: 0 memorised, 3 levels left

rFire  + . .     SeeInvis +     a - +0 war axe
rCold  . . .     Clarity  .     s - +2 ring mail {rF+}
rNeg   + . .     SustAb   .     c - +0 shield
rPois  .         Gourm    .     (helmet unavailable)
rElec  .         Spirit   .     (no cloak)
rCorr  .         Warding  .     (no gloves)
rMut   .         Stasis   +     (no boots)
MR     .....                    (no amulet)
Stlth  ..........               h - ring of teleport control
                                g - ring of positive energy

@: not resistant to hostile enchantments, extremely unstealthy
A: permanent stasis, dig shafts and tunnels, four strong arms, antennae 3
a: Dig, Shaft Self, Evoke Teleport Control


You were on level 3 of the Dungeon.
You were very hungry.

You visited 1 branch of the dungeon, and saw 3 of its levels.

You collected 107 gold pieces.

Inventory:

Hand weapons
 a - a +0 war axe (weapon)
Missiles
 y - 2 javelins (quivered)
Armour
 c - a +0 shield (worn)
 r - a +0 large shield
 s - a +2 ring mail of fire resistance (worn)
Jewellery
 g - a ring of positive energy (left hand)
 h - a ring of teleport control (right hand)
 t - an uncursed amulet of resist mutation {unknown}
Scrolls
 b - a scroll of teleportation {unknown}
 f - 2 scrolls of enchant armour {unknown}
 j - 5 scrolls of identify {unknown}
 m - a scroll of remove curse {unknown}
 o - 2 scrolls of fog {unknown}
Potions
 e - a potion of might
 i - a potion of degeneration {unknown}
 k - a potion of haste {unknown}
 l - a potion of brilliance {unknown}
 n - a potion of agility {unknown}
 p - a potion of heal wounds {unknown}
 q - 2 potions of restore abilities {unknown}
 v - a potion of curing {unknown}
 x - a potion of resistance {unknown}
Comestibles
 d - 5 bread rations
 w - a beef jerky


   Skills:
 - Level 3.2 Fighting
 + Level 3.1 Axes
 - Level 3.2 Armour
 + Level 5.3 Shields


You had 3 spell levels left.
You didn't know any spells.

Dungeon Overview and Level Annotations

Branches:
Dungeon (3/15)

Altars:
Fedhas
Nemelex Xobeh


Innate Abilities, Weirdness & Mutations

You are under a permanent stasis effect.
You can dig through walls and to a lower floor.
Your four strong arms can wield two-handed weapons with a shield.
You have a pair of large antennae on your head (SInv).


Message History

The orc priest is moderately wounded.
The orc priest mumbles some strange prayers to Beogh against you.
Something smites you!
You barely miss the orc priest.
The orc priest is moderately wounded.
The orc priest hits you but does no damage.
The orc priest hits you with a short sword.
You barely miss the orc priest.
The orc priest is moderately wounded.
The orc priest hits you with a short sword.
You barely miss the orc priest.
The orc priest is moderately wounded.
You block the orc priest's attack.
The orc wizard mumbles some strange words.
The orc wizard flickers and vanishes for a moment.
You slash the orc priest!
The orc priest is almost dead.
The orc priest calls down the wrath of Beogh upon you.
Something smites you!
You die... +.........+ ......... ....... .o... oo.

#†# #.# #.####
##.##@## ##...##o##
#..o..oo.# #...(###.#
#.#.####.######[#
#.###.###...........#
#............########
##############


You could see an orc priest and an orc wizard (invisible).

Vanquished Creatures
  2 adders
  A giant gecko (D:1)
  An ooze (D:2)
  2 orcs (D:3)
  2 ball pythons (D:2)
  4 giant cockroaches
  9 goblins
  5 hobgoblins
  4 jackals (D:1)
  6 bats
  4 giant newts
  5 kobolds
  A quokka (D:2)
  9 rats
55 creatures vanquished.

Notes
Turn   | Place    | Note
--------------------------------------------------------------
     0 | D:1      | NewYearsCrawler, the Formicid Fighter, began the quest for the Orb.
     0 | D:1      | Reached XP level 1. HP: 18/18 MP: 1/1
    35 | D:1      | Reached skill level 4 in Shields
    37 | D:1      | Reached XP level 2. HP: 22/24 MP: 3/3
   172 | D:1      | Reached XP level 3. HP: 21/29 MP: 4/4
   588 | D:2      | Found a blossoming altar of Fedhas.
   769 | D:2      | Found a sparkling altar of Nemelex Xobeh.
   780 | D:2      | Reached skill level 5 in Shields
   907 | D:2      | Reached XP level 4. HP: 35/35 MP: 5/5
  1437 | D:3      | Killed from afar by an orc priest

Action                   |  1- 3 |  4- 6 || total
-------------------------+-------+-------++-------
Melee: War axe           |   118 |    49 ||   167
 Abil: Dig               |       |     1 ||     1
  Eat: Chunk             |       |     1 ||     1
